 Dungeon Crawl Stone Soup version 0.29-a0-409-gd843f3a48c (webtiles) character file.

Game seed: 10337370194856605053

5335 sammy202020 the Protected (level 10, -5/93 HPs)
             Began as a Minotaur Fighter on May 13, 2022.
             Was an Initiate of Trog.
             Killed from afar by Erica (25 damage)
             ... with a bolt of poison
             ... on level 8 of the Dungeon.
             The game lasted 00:12:38 (7072 turns).

sammy202020 the Protected (Minotaur Fighter)        Turns: 7072, Time: 00:12:40

Health: -5/93      AC: 15    Str: 20    XL:     10   Next: 38%
Magic:  0/9        EV: 11    Int:  9    God:    Trog [......]
Gold:   4          SH:  7    Dex: 18    Spells: 9/9 levels left

rFire   . . .      SeeInvis .   r - +10 war axe "Hauvamin" {flame, Will++ Dex+4}
rCold   + . .      Faith    .   c - +0 buckler
rNeg    . . .      Spirit   +   v - +1 chain mail
rPois   .          Reflect  .   (helmet restricted)
rElec   .          Harm     .   (no cloak)
rCorr   .          Rampage  .   G - +0 pair of gloves
Will    ++...                   g - +0 pair of boots
Stlth   ..........              w - amulet of guardian spirit
HPRegen 0.25/turn               j - +4 ring of evasion
MPRegen 0.11/turn               b - ring of Ratolarch {rC+ Dex+3}

@: mighty, lethally poisoned (-5 -> -18)
A: horns 2, retaliatory headbutt
a: Renounce Religion


You were on level 8 of the Dungeon.
You worshipped Trog.
Trog was noncommittal.
You visited 2 branches of the dungeon, and saw 9 of its levels.

You collected 354 gold pieces.
You spent 350 gold pieces at shops.

Inventory:

Hand Weapons
 r - the +10 war axe "Hauvamin" (weapon) {flame, Will++ Dex+4}
   (You found it on level 2 of the Dungeon)

   It burns those it strikes, dealing additional fire damage.
   Big, fiery blades are also staple armaments of hydra-hunters.
   Dex:       It affects your dexterity (+4).
   Will:      It greatly increases your willpower.
Missiles
 a - 3 throwing nets (quivered)
 l - a boomerang
 n - 2 boomerangs of dispersal
Armour
 c - a +0 buckler (worn)
 g - a +0 pair of boots (worn)
 v - a +1 chain mail (worn)
 G - a +0 pair of gloves (worn)
Jewellery
 b - the ring of Ratolarch (right hand) {rC+ Dex+3}
   (You found it on level 3 of the Dungeon)

   [ring of protection from cold]

   Dex:       It affects your dexterity (+3).
   rC:        It protects you from cold.
 j - a +4 ring of evasion (left hand)
 k - a ring of resist corrosion
 m - a ring of positive energy
 o - a ring of see invisible
 u - a ring of ice
 w - an amulet of guardian spirit (around neck)
 y - a ring of protection from fire
Wands
 f - a wand of acid (12)
 B - a wand of charming (3)
Scrolls
 q - 2 scrolls of amnesia
 E - a scroll of acquirement
Potions
 d - a potion of might
 e - 4 potions of invisibility
 h - 3 potions of curing
 i - a potion of brilliance
 p - a potion of lignification {unknown}
 s - 2 potions of ambrosia {unknown}
 t - a potion of mutation {unknown}
 x - 3 potions of flight {unknown}
 z - a potion of haste {unknown}
 C - a potion of attraction {unknown}
 D - a potion of heal wounds {unknown}


   Skills:
 + Level 10.0 Fighting
 + Level 9.6 Axes
 + Level 10.0 Armour
 + Level 10.0 Shields


You had 9 spell levels left.
You didn't know any spells.
Your spell library contained the following spells:

 Spells                   Type           Power      Damage    Failure   Level
 Foxfire                  Conj/Fire      0%         2x1d4     98%         1
 Conjure Flame            Conj/Fire      0%         6-21      100%        3
 Dazzling Flash           Conj/Hex       0%         N/A       100%        3
 Inner Flame              Hex/Fire       0%         N/A       100%        3
 Flame Wave               Conj/Fire      0%         2d4       100%        4
 Agony                    Necr           0%         N/A       100%        5
 Silence                  Hex/Air        0%         N/A       100%        5


Dungeon Overview and Level Annotations

Branches:
Dungeon (8/15)             Temple (1/1) D:4            Lair (0/6) D:8

Altars:
Dithmenos
Kikubaaqudgha
Nemelex Xobeh
Qazlal
Ru
Trog
Uskayaw
Vehumet
Xom

Shops:
D:4 =

Annotations:
D:8 Erica


Innate Abilities, Weirdness & Mutations

You have a pair of horns on your head.
You reflexively headbutt those who attack you in melee.


Message History

The wight is severely damaged.
You miss something. You slash the wight! You burn the wight.
You destroy the wight!
Trog accepts your kill. You block the wight's attack.
Something hits you but does no damage.
Your Fighting skill increases to level 10!
Your Shields skill increases to level 10!
You barely miss the wight.
The wight is severely damaged.
You slash something! You burn something. You block the wight's attack.
You hear some strange, mumbled words.
A lance of force appears from out of thin air!
The lance of force hits you!!
* * * LOW HITPOINT WARNING * * *
You are knocked back by the lance of force.
You slam into the rock wall!
* * * LOW HITPOINT WARNING * * *
You feel better. You block the black bear's attack.
The black bear claws you but does no damage. x2
The wight hits you but does no damage.
You hit the black bear. You burn the black bear. You headbutt the black bear.
The black bear is heavily wounded.
You block the black bear's attack. The black bear closely misses you.
The black bear claws you.
* * * LOW HITPOINT WARNING * * *
The wight hits you from afar with a +4 halberd.
* * * LOW HITPOINT WARNING * * *
Okay, then.
You slice the black bear!! You burn the black bear.
You kill the black bear!
Trog accepts your kill. You block the wight's attack.
You slice something!! You burn something!
The wight hits you but does no damage.
You hear some strange, mumbled words.
A bolt of poison appears from out of thin air!
The bolt of poison hits you!!
You are poisoned.
You die...

# .#
#######.###
#.........#
####)........#
#.@{)........#
#.##z........+
#.##..<...!..#
#.............
####.....#####
####.... .....
.......
.......


You could see a wight.

Vanquished Creatures
  A centaur warrior (D:8)
  Pikel (D:6)
  Maggie (D:7)
  Grinder (D:6)
  2 wyverns (D:8)
  6 yaks (D:8)
  Edmund (D:6)
  Duvessa (D:5)
  4 water moccasins
  4 ice beasts
  An orc warrior (D:6)
  A black bear (D:8)
  An ogre (D:3)
  2 centaurs
  2 lemures (D:6)
  A phantom (D:6)
  3 wights (D:8)
  Dowan (D:5)
  A howler monkey (D:6)
  3 crimson imps (D:4)
  A jelly (D:6)
  3 orc priests
  3 hounds
  Natasha (D:2)
  5 iguanas
  4 orc wizards
  9 gnolls
  11 adders
  2 shadow imps
  A white imp (D:7)
  3 worms
  A dart slug (D:3)
  30 orcs
  7 endoplasms
  6 giant cockroaches
  13 goblins
  7 hobgoblins
  2 quokkas
  9 ball pythons
  6 bats
  4 frilled lizards
  15 kobolds
  6 rats
187 creatures vanquished.

Vanquished Creatures (others)
  A ghoul (D:1)
  3 minotaurs (D:1)
  An octopode (D:1)
  An elf (D:1)
  A merfolk (D:1)
  A formicid (D:1)
  An ogre (D:1)
  A tengu (D:1)
  A mummy (D:1)
  2 orcs
  A bush (D:8)
  4 fungi
  6 plants
  9 tentacles (D:1)
33 creatures vanquished.

Grand Total: 220 creatures vanquished

Notes
Turn   | Place    | Note
-------+----------+-------------------------------------------
     0 | D:1      | sammy202020 the Minotaur Fighter began the quest for the
                  | Orb.
     0 | D:1      | Reached XP level 1. HP: 19/19 MP: 0/0
     0 | D:1      | Noticed a merfolk
     0 | D:1      | Noticed a minotaur
     0 | D:1      | Noticed an ogre
     0 | D:1      | Noticed an octopode
     0 | D:1      | Noticed a ghoul
     0 | D:1      | Noticed a tengu
     0 | D:1      | Noticed a kraken
     0 | D:1      | Noticed a minotaur
     0 | D:1      | Noticed a formicid
     0 | D:1      | Noticed an elf
     0 | D:1      | Noticed a minotaur
     4 | D:1      | Killed a merfolk
     5 | D:1      | Killed a minotaur
     8 | D:1      | Killed an ogre
     8 | D:1      | Killed a formicid
     9 | D:1      | Killed an elf
    10 | D:1      | Killed an octopode
    11 | D:1      | Killed a tengu
    13 | D:1      | Killed a minotaur
    14 | D:1      | Killed a ghoul
    17 | D:1      | Killed a minotaur
   153 | D:1      | Reached XP level 2. HP: 27/27 MP: 1/1
  1016 | D:2      | Reached XP level 3. HP: 12/33 MP: 2/2
  1397 | D:2      | Found a faded altar of an unknown god.
  1671 | D:2      | Found a radiant altar of Vehumet.
  1807 | D:2      | Identified the +10 war axe "Hauvamin" {flame, Will++ Dex+4}
  1936 | D:2      | Reached XP level 4. HP: 39/40 MP: 3/3
  2117 | D:2      | Noticed Natasha
  2121 | D:2      | Killed Natasha
  2280 | D:3      | Reached XP level 5. HP: 31/47 MP: 4/4
  2670 | D:3      | Noticed an ogre
  2672 | D:3      | Killed an ogre
  2673 | D:3      | Reached skill level 5 in Fighting
  2673 | D:3      | Reached skill level 5 in Armour
  2673 | D:3      | Reached skill level 5 in Shields
  2673 | D:3      | Reached XP level 6. HP: 56/56 MP: 5/5
  2795 | D:3      | Identified the ring of Ratolarch {rC+ Dex+3}
  3030 | D:4      | Found a staircase to the Ecumenical Temple.
  3040 | Temple   | Entered the Ecumenical Temple
  3388 | D:4      | Reached skill level 5 in Axes
  3388 | D:4      | Reached XP level 7. HP: 62/62 MP: 6/6
  3409 | D:4      | Found Usesch's Jewellery Shoppe.
  3418 | D:4      | Bought a ring of see invisible for 150 gold pieces
  3451 | D:4      | Found a sparkling altar of Nemelex Xobeh.
  3510 | D:4      | Found a shimmering altar of Xom.
  3956 | D:5      | Entered Level 5 of the Dungeon
  4410 | D:5      | You fall into a shaft and drop 1 floor!
  4662 | D:5      | Noticed Dowan
  4663 | D:5      | Noticed Duvessa
  4667 | D:5      | Killed Dowan
  4668 | D:5      | Reached XP level 8. HP: 68/71 MP: 7/7
  4672 | D:5      | Killed Duvessa
  4988 | D:6      | Noticed Grinder
  4997 | D:6      | Killed Grinder
  5038 | D:6      | Noticed Pikel
  5040 | D:6      | Noticed Edmund
  5043 | D:6      | Killed Edmund
  5052 | D:6      | Killed Pikel
  5299 | D:6      | Reached XP level 9. HP: 80/81 MP: 8/8
  6094 | D:7      | Identified a scroll of acquirement
  6461 | D:7      | Noticed Maggie
  6468 | D:7      | Killed Maggie
  6665 | D:8      | Found a staircase to the Lair.
  6720 | D:8      | Reached XP level 10. HP: 24/91 MP: 7/9
  6852 | Temple   | Became a worshipper of Trog the Wrathful
  6928 | D:4      | Bought a ring of resist corrosion for 200 gold pieces
  7050 | D:8      | Noticed Erica
  7050 | D:8      | Noticed a centaur warrior
  7062 | D:8      | Killed a centaur warrior
  7066 | D:8      | Reached skill level 10 in Armour
  7067 | D:8      | Reached skill level 10 in Fighting
  7067 | D:8      | Reached skill level 10 in Shields
  7072 | D:8      | Killed from afar by Erica

Illustrated notes

Levels and vault maps discovered:
D:1:      nicolae_arrival_kraken_aquarium_a, layout_loops_ring
D:2:      layout_loops_corners, basic_altar,
          shapermc_ecumenical_altar_acropolis, uniq_natasha
D:3:      minmay_chambers_of_threes, layout_basic, minmay_vboxes
D:4:      layout_basic, led_xom_imps, nemelex_altar_shiori,
          minmay_temple_entry_antechambers, serial_shops, shop
D:5:      layout_loops_cross, nrook_mini_vaults, minmay_fountain_box,
          uniq_duvessa
D:6:      layout_basic, grunt_decor_cap, uniq_edmund, uniq_pikel, uniq_grinder
D:7:      layout_basic, uniq_maggie
D:8:      layout_basic, minmay_lair_entry_grove, serial_shops,
          nicolae_shop_overgrown_old_shop, uniq_joseph, uniq_erica, uniq_amaemon
Temple:   mainiacjoe_temple_bowtie_tessellation

Skill      XL: |  1  2  3  4  5  6  7  8  9 10 |
---------------+-------------------------------+-----
Fighting       | 4 5 6 7 9 10 | 10.0
Armour         | 4 5 6 7 9 10 | 10.0
Shields        | 4 5 6 7 9 10 | 10.0
Axes           | 3 4 5 6 7 9 |  9.6

Action                   |  1- 3 |  4- 6 |  7- 9 | 10-12 || total
-------------------------+-------+-------+-------+-------++-------
Melee: War axe           |   102 |    80 |   145 |    25 ||   352
       Headbutt          |    14 |     8 |    27 |     5 ||    54
Throw: Javelin           |       |       |     2 |       ||     2
  Use: Scroll            |     1 |     9 |     5 |       ||    15
       Potion            |       |       |     1 |     2 ||     3
Armor: Scale mail        |    41 |     7 |       |       ||    48
       Chain mail        |       |    15 |    47 |    20 ||    82
Dodge: Dodged            |    51 |    29 |    62 |    19 ||   161
Block: Buckler           |    27 |    15 |    32 |    23 ||    97

Table legend: (Time is in decaauts)
 A = Elapsed time spent in this place.
 B = Non-inter-level travel time spent in this place.
 C = Inter-level travel time spent in this place.
 D = Time resting spent in this place.
 E = Time spent auto-exploring this place.
 F = Levels seen in this place.
 G = Mean time per level.
                   A        B        C        D        E       F      G
               +--------+--------+--------+--------+--------+-----+--------+
         Total |   7171 |   6831 |    340 |    107 |   5353 |   9 |  796.8 |
       Dungeon |   7043 |   6751 |    292 |    107 |   5323 |   8 |  880.4 |
        Temple |    128 |     80 |     48 |      0 |     30 |   1 |  128.0 |
               +--------+--------+--------+--------+--------+-----+--------+

Top non-repeatable levels by time:
     D:2: 1286 daAuts
     D:1: 1021 daAuts
     D:6: 1000 daAuts
     D:4: 976 daAuts
     D:7: 973 daAuts
     D:5: 882 daAuts
     D:3: 774 daAuts
  Temple: 128 daAuts
     D:8: 128 daAuts
